 Dungeon Crawl Stone Soup version 0.25-a0-583-g696c2ac (webtiles) character file.

Game seed: 13347280158988357473, levelgen mode: deterministic

3696 TheGoonsmith the Destroyer (level 9, -2/74 HPs)
             Began as a Pale Draconian Conjurer on Mar 8, 2020.
             Was a Follower of Vehumet.
             Slain by Harold
             ... wielding a +0 war axe
              (7 damage)
             ... on level 7 of the Dungeon.
             The game lasted 00:25:49 (8160 turns).

TheGoonsmith the Destroyer (DrCj)                   Turns: 8160, Time: 00:25:49

Health: -2/74      AC: 12    Str: 11    XL:     9   Next: 90%
Magic:  1/16       EV: 13    Int: 18    God:    Vehumet [*.....]
Gold:   109        SH:  5    Dex: 12    Spells: 11/18 levels left

rFire    . . .     SeeInvis +   t - +2 short sword (drain)
rCold    . . .     Gourm    .   u - +0 buckler
rNeg     + . .     Faith    .   (armour unavailable)
rPois    +         Spirit   .   (helmet restricted)
rElec    +         Reflect  .   (no cloak)
rCorr    .         Harm     .   a - +1 pair of gloves
MR       +....                  A - +2 pair of boots of Kaec {rElec rPois rN+ MR+}
Stlth    ++........             (no amulet)
HPRegen  0.22/turn              h - ring of see invisible
MPRegen  0.15/turn              (no ring)

@: about to teleport, marked, very slightly contaminated
A: breathe steam, unfitting armour, cold-blooded, AC +7
a: Breathe Steam, Renounce Religion


You were on level 7 of the Dungeon.
You worshipped Vehumet.
Vehumet was aware of your devotion.
You were hungry.

You visited 2 branches of the dungeon, and saw 8 of its levels.

You collected 337 gold pieces.
You spent 228 gold pieces at shops.

Inventory:

Hand Weapons
 d - a +0 morningstar
 g - a +1 dagger
 p - the cursed +1 hand axe of Lixehu {antimagic, +Inv Dex+2}
   (You found it on level 4 of the Dungeon)

   It reduces the magical energy of the wielder, and disrupts the spells and
   magical abilities of those hit.
   Natural abilities and divine invocations are not affected.
   It affects your dexterity (+2).
   It lets you turn invisible.
   It has a curse placed upon it.
 t - a +2 short sword of draining (weapon)
Armour
 a - a +1 pair of gloves (worn)
 u - a +0 buckler (worn)
 w - a +0 cloak
 A - the +2 pair of boots of Kaec (worn) {rElec rPois rN+ MR+}
   (You bought it in a shop on level 7 of the Dungeon)

   It insulates you from electricity.
   It protects you from poison.
   It protects you from negative energy.
   It affects your resistance to hostile enchantments.
Jewellery
 h - a ring of see invisible (left hand)
 v - a +2 ring of evasion {unknown}
Wands
 s - a wand of polymorph (4)
Scrolls
 c - a scroll of enchant weapon
 e - 6 scrolls of identify
 n - 2 scrolls of remove curse
 o - a scroll of teleportation
 q - a scroll of fog
 y - a scroll of random uselessness {unknown}
Potions
 f - a potion of cancellation
 i - 3 potions of lignification
 j - 2 potions of curing
 k - a potion of stabbing
 l - a potion of resistance
 m - 4 potions of ambrosia {unknown}
 r - a potion of flight {unknown}
 x - 2 potions of heal wounds {unknown}
Comestibles
 b - 15 rations


   Skills:
 - Level 5.1 Fighting
 - Level 4.0 Dodging
 - Level 1.7 Stealth
 - Level 4.3 Shields
 + Level 5.2 Spellcasting
 - Level 10.7 Conjurations
 - Level 3.2 Hexes


You had 11 spell levels left.
You knew the following spells:

 Your Spells              Type           Power        Failure   Level  Hunger
a - Magic Dart            Conj           ####         1%          1    None
b - Searing Ray           Conj           #####.       1%          2    #......
c - Fulminant Prism       Conj/Hex       ####......   8%          4    ####...

Your spell library contained the following spells:

 Spells                   Type           Power        Failure   Level  Hunger
 Sandblast                Erth           #.....       13%         1    None
 Dazzling Flash           Conj/Hex       ####..       2%          3    ##.....
 Iskenderun's Mystic Bla  Conj/Tloc      ###.....     14%         4    ####...


Dungeon Overview and Level Annotations

Branches:
Dungeon (7/15)             Temple (1/1) D:5

Altars:
Ashenzari
Cheibriados
Dithmenos
Elyvilon
Fedhas
Gozag
Hepliaklqana
Kikubaaqudgha
Makhleb
Nemelex Xobeh
Okawaru
Qazlal
Ru
Sif Muna
Trog
Uskayaw
Vehumet
Wu Jian
Xom
The Shining One

Shops:
D:7 [

Annotations:
D:7 Harold, Prince Ribbit


Innate Abilities, Weirdness & Mutations

You can breathe blasts of scalding, opaque steam.
Your pale cyan-grey scales are hard. (AC +7)
You cannot fit into any form of body armour.
You are cold-blooded and may be slowed by cold attacks.


Message History

(Press . to maintain the ray.)
You have got your breath back.
Without enough magic to sustain it, your searing ray dissipates.
Harold closely misses you.
You hit Harold. You tail-slap Harold, but do no damage.
Harold is severely wounded.
Harold hits you with a +0 war axe!
You hit Harold.
Harold is severely wounded.
Prince Ribbit hits you!
* * * LOW HITPOINT WARNING * * *
Harold points at you and mumbles some strange words.
A sentinel's mark forms upon you. Prince Ribbit hits you.
* * * LOW HITPOINT WARNING * * *
As you read the scroll of teleportation, it crumbles to dust.
You feel strangely unstable. Prince Ribbit hits you!
* * * LOW HITPOINT WARNING * * *
Harold hits you with a +0 war axe!
You die...

##...............................
..................##.............
.................................
#................................
#.............................>..
#............................####
#...#...........##...........#.#.
....#.......##.F#(..# .........
....##....#####.@@### #.......
..####..### #..#.# #.....). .##
#....# #....# #.....<. ## #...##
.###.# ......... ##### ## ...
......... .#.. ..###.... ##... .
###.# .. #.. #..


You could see Harold and Prince Ribbit.

Vanquished Creatures
  Pikel (D:7)
  A hippogriff (D:7)
  3 yaks (D:4)
  Duvessa (D:7)
  An orc warrior (D:6)
  3 phantoms
  2 black bears
  A necrophage (D:6)
  4 ice beasts
  3 ogres (D:7)
  2 centaurs
  A bullfrog (D:6)
  Dowan (D:7)
  A water moccasin skeleton (D:5)
  A scorpion (D:6)
  2 bullfrog zombies (D:5)
  A crimson imp (D:6)
  A bullfrog skeleton (D:6)
  3 hounds (D:7)
  A jelly (D:7)
  3 orc priests
  8 orc wizards
  An iguana (D:4)
  A worker ant (D:5)
  A killer bee zombie (D:6)
  2 hound zombies (D:6)
  2 worker ant zombies
  11 adders
  4 gnolls (D:7)
  An ooze (D:1)
  An adder skeleton (D:4)
  4 worms
  2 dart slugs (D:1)
  3 leopard geckos
  16 orcs
  8 giant cockroaches
  5 goblins
  9 hobgoblins
  9 jackals (D:1)
  4 kobolds
  6 quokkas
  2 ball pythons (D:3)
  11 bats
  3 frilled lizards
  A quokka zombie (D:5)
  5 rats
157 creatures vanquished.

Vanquished Creatures (others)
  2 slaves (D:7)
  A bullfrog (D:7)
  9 fulminant prisms
12 creatures vanquished.

Grand Total: 169 creatures vanquished

Notes
Turn   | Place    | Note
-------+----------+-------------------------------------------
     0 | D:1      | TheGoonsmith the Draconian Conjurer began the quest for the
                  | Orb.
     0 | D:1      | Reached XP level 1. HP: 14/14 MP: 3/3
   133 | D:1      | Reached XP level 2. HP: 9/20 MP: 0/5
   594 | D:1      | You fall into a shaft and drop 1 floor!
   601 | D:2      | Reached XP level 3. HP: 18/26 MP: 0/7
   870 | D:2      | Learned a level 2 spell: Searing Ray
  1452 | D:1      | Reached XP level 4. HP: 33/33 MP: 4/8
  2080 | D:2      | Found a stormy altar of Qazlal.
  2235 | D:2      | Reached skill level 5 in Conjurations
  2466 | D:2      | Found a faded altar of an unknown god.
  2742 | D:3      | Found a blossoming altar of Fedhas.
  2865 | D:3      | Reached XP level 5. HP: 27/38 MP: 6/10
  3311 | D:3      | Reached skill level 6 in Conjurations
  3315 | D:3      | Reached skill level 1 in Fighting
  3315 | D:3      | Reached XP level 6. HP: 47/47 MP: 1/12
  3675 | D:3      | Learned a level 4 spell: Fulminant Prism
  3739 | D:3      | Found a hazy altar of Hepliaklqana.
  3739 | D:3      | Found an ornate altar of the Wu Jian Council.
  4181 | D:4      | Noticed a yak
  4306 | D:4      | Got a crystal hand axe
  4307 | D:4      | Identified the cursed +1 hand axe of Lixehu {antimagic,
                  | +Inv Dex+2} (You found it on level 4 of the Dungeon)
  4352 | D:4      | Noticed a yak
  4370 | D:4      | Noticed a yak
  4377 | D:4      | Killed a yak
  4377 | D:4      | Reached skill level 1 in Hexes
  4377 | D:4      | Your scales start taking on a pale cyan-grey colour.
  4377 | D:4      | Reached XP level 7. HP: 34/55 MP: 2/13
  4379 | D:4      | Killed a yak
  4384 | D:4      | Killed a yak
  4392 | D:4      | Found a shattered altar of Ashenzari.
  4745 | D:4      | Reached skill level 5 in Spellcasting
  4870 | D:5      | Entered Level 5 of the Dungeon
  4891 | D:5      | Reached skill level 7 in Conjurations
  5064 | D:5      | Reached XP level 8. HP: 60/61 MP: 7/15
  5463 | D:5      | Found a staircase to the Ecumenical Temple.
  5473 | Temple   | Entered the Ecumenical Temple
  5483 | Temple   | Became a worshipper of Vehumet
  5556 | D:5      | Found an ancient bone altar of Kikubaaqudgha.
  5636 | D:5      | Reached skill level 8 in Conjurations
  6024 | D:5      | Found a glowing golden altar of the Shining One.
  6265 | D:6      | Reached skill level 1 in Shields
  6540 | D:6      | Reached XP level 9. HP: 71/71 MP: 3/16
  7276 | D:7      | Reached skill level 9 in Conjurations
  7294 | D:7      | Reached * piety under Vehumet
  7294 | D:7      | Offered knowledge of Sandblast by Vehumet.
  7296 | D:7      | Reached skill level 5 in Fighting
  7322 | D:7      | Noticed Dowan
  7451 | D:7      | Noticed Duvessa
  7456 | D:7      | Killed Dowan
  7460 | D:7      | Killed Duvessa
  7646 | D:7      | Noticed Prince Ribbit
  7649 | D:7      | Noticed Harold
  7860 | D:7      | Noticed Pikel
  7867 | D:7      | Killed Pikel
  7867 | D:7      | Reached skill level 10 in Conjurations
  7868 | D:7      | Found Yxuywnaa's Antique Armour Shop.
  7872 | D:7      | Bought a pair of jewelled boots for 228 gold pieces
  7872 | D:7      | Identified the +2 pair of boots of Kaec {rElec rPois rN+
                  | MR+} (You bought it in a shop on level 7 of the Dungeon)
  8160 | D:7      | Slain by Harold

Levels and vault maps discovered:
D:1:      minmay_arrival_open_corners, layout_basic
D:2:      layout_loops_ring, lemuel_crystal_altar,
          chequers_ecumenical_altar_simple
D:3:      layout_basic, gammafunk_temple_overflow_elements, first_ration,
          moated_statue, fedhas_altar_3
D:4:      layout_loops_cross, ashenzari_altar_1
D:5:      layout_cave_pools, nicolae_overflow_crystal_walls,
          kiku_gazebo_pond_becter, minmay_temple_entry_gardened_gates,
          corexii_leaking_fountain, kennysheep_decorative_pillar
D:6:      layout_cave_pods
D:7:      layout_cave_pools, serial_shops, kennysheep_mini, uniq_pikel,
          uniq_prince_ribbit1, uniq_harold, uniq_duvessa
Temple:   nicolae_temple_x_marks_the_god

Skill      XL: |  1  2  3  4  5  6  7  8  9 |
---------------+----------------------------+-----
Spellcasting   | 3 4 5 |  5.2
Conjurations   | 5 6 7 8 10 | 10.7
Fighting       | 1 2 4 5 |  5.1
Dodging        | 2 3 4 |  4.0
Hexes          | 1 2 3 |  3.2
Shields        | 2 4 |  4.3
Stealth        | |  1.7

Action                   |  1- 3 |  4- 6 |  7- 9 || total
-------------------------+-------+-------+-------++-------
Melee: Unarmed           |    13 |       |       ||    13
       Tailslap          |     5 |     1 |     8 ||    14
       Dagger            |    16 |    18 |       ||    34
       Morningstar       |       |     3 |    10 ||    13
       Short sword       |       |       |    46 ||    46
 Cast: Magic Dart        |    71 |    77 |   155 ||   303
       Searing Ray       |     1 |    15 |    24 ||    40
       Fulminant Prism   |       |     2 |     7 ||     9
 Abil: Breathe Steam     |       |       |    16 ||    16
  Use: Scroll            |       |    11 |     4 ||    15
       Potion            |       |       |     2 ||     2
 Stab: Sleeping          |     1 |     1 |       ||     2
  Eat: Chunk             |     2 |     9 |     8 ||    19
       Ration            |       |       |     2 ||     2
Armor: Skin              |    15 |    12 |    34 ||    61
Dodge: Dodged            |    27 |    14 |   103 ||   144
Block: Buckler           |       |       |    27 ||    27

Table legend:
 A = Non-vault XP
 B = Vault XP
 C = Vault XP percentage of total XP
 D = Non-vault monster count
 E = Vault monster count
 F = Vault count percentage of total count
                 A         B        C        D         E       F
            +---------+---------+-------+---------+---------+-------
      Total |    4384 |     896 |  17.0 |     154 |       3 |   1.9
            +---------+---------+-------+---------+---------+-------
        D:1 |      67 |       0 |   0.0 |      32 |       0 |   0.0
        D:2 |      77 |       0 |   0.0 |      20 |       0 |   0.0
        D:3 |     330 |       0 |   0.0 |      30 |       0 |   0.0
        D:4 |     784 |       0 |   0.0 |      10 |       0 |   0.0
        D:5 |     955 |       0 |   0.0 |      24 |       0 |   0.0
        D:6 |     935 |       0 |   0.0 |      18 |       0 |   0.0
        D:7 |    1236 |     896 |  42.0 |      20 |       3 |  13.0
            +---------+---------+-------+---------+---------+-------
